 Dungeon Crawl Stone Soup version 0.27.1-1-g398f81649c (webtiles) character file.

Game seed: 1272568133285317802

3044 boopmooplesden the Cleaver (level 9, 0/79 HPs)
             Began as a Minotaur Fighter on Sept 8, 2021.
             Was a Believer of Okawaru.
             Succumbed to a green ugly thing's poison
             ... on level 7 of the Dungeon.
             The game lasted 00:11:23 (4826 turns).

boopmooplesden the Cleaver (Minotaur Fighter)       Turns: 4826, Time: 00:11:24

Health: 0/79       AC: 17    Str: 21    XL:     9   Next: 56%
Magic:  8/8        EV: 10    Int:  6    God:    Okawaru [**....]
Gold:   454        SH: 11    Dex: 12    Spells: 8/8 levels left

rFire    . . .     SeeInvis .   a - +0 war axe
rCold    + . .     Faith    .   c - +0 kite shield
rNeg     . . .     Spirit   .   j - +0 plate armour
rPois    .         Reflect  .   (helmet restricted)
rElec    .         Harm     .   (no cloak)
rCorr    .         Rampage  .   g - +2 pair of gloves {Stlth+}
Will     .....                  o - +0 pair of boots
Stlth    ..........             m - amulet of regeneration
HPRegen  1.23/turn              e - ring of Day {rC+ Stlth+}
MPRegen  0.11/turn              k - +4 ring of evasion

@: lethally poisoned (0 -> -16), hasted, very quick
A: horns 2, retaliatory headbutt
a: Renounce Religion, Heroism


You were on level 7 of the Dungeon.
You worshipped Okawaru.
Okawaru was pleased with you.
You visited 1 branch of the dungeon, and saw 7 of its levels.

You collected 454 gold pieces.

Inventory:

Hand Weapons
 a - a +0 war axe (weapon)
Missiles
 f - 7 javelins (quivered)
 v - 2 throwing nets
Armour
 c - a +0 kite shield (worn)
 g - a +2 pair of gloves of stealth (worn)
 j - a +0 plate armour (worn)
 o - a +0 pair of boots (worn)
 w - a +2 buckler
Jewellery
 e - the ring of Day (left hand) {rC+ Stlth+}
   (You acquired it on level 2 of the Dungeon)

   [ring of protection from cold]

   rC:        It protects you from cold.
   Stlth:     It makes you more stealthy.
 k - a +4 ring of evasion (right hand)
 m - an amulet of regeneration (around neck)
Scrolls
 h - a scroll of amnesia {unknown}
 i - 2 scrolls of noise {unknown}
 l - a scroll of summoning {unknown}
 n - 3 scrolls of identify {unknown}
 q - 3 scrolls of vulnerability {unknown}
 r - 3 scrolls of teleportation {unknown}
 s - a scroll of magic mapping {unknown}
 u - a scroll of fog {unknown}
 y - a scroll of brand weapon {unknown}
Potions
 b - a potion of brilliance {unknown}
 d - 2 potions of might
 p - a potion of cancellation {unknown}
 t - a potion of haste
 x - a potion of flight {unknown}


   Skills:
 + Level 7.5 Fighting
 + Level 10.9 Axes
 + Level 7.2 Armour
 + Level 2.3 Dodging
 + Level 0.3 Stealth
 + Level 8.0 Shields


You had 8 spell levels left.
You didn't know any spells.
Your spell library contained the following spells:

 Spells                   Type           Power      Damage    Failure   Level
 Shock                    Conj/Air       0%         1d3       100%        1
 Blink                    Tloc           N/A        N/A       100%        2
 Swiftness                Air            0%         N/A       100%        3
 Airstrike                Air            0%         N/A       100%        4
 Manifold Assault         Tloc           0%         N/A       100%        5
 Storm Form               Tmut/Air       0%         N/A       100%        7


Dungeon Overview and Level Annotations

Branches:
Dungeon (7/15)             Temple (0/1) D:7

Altars:
Elyvilon
Fedhas
Kikubaaqudgha
Okawaru
Vehumet

Shops:
D:7 !


Innate Abilities, Weirdness & Mutations

You have a pair of horns on your head.
You reflexively headbutt those who attack you in melee.


Message History

You slash the green ugly thing!
The green ugly thing is lightly wounded.
The green ugly thing barely misses you.
You hit the green ugly thing. You headbutt the green ugly thing.
The green ugly thing is moderately wounded.
The green ugly thing claws you.
You are poisoned.
The green ugly thing poisons you!
You hit the green ugly thing.
The green ugly thing is moderately wounded.
You feel extremely sick.
The green ugly thing claws you but does no damage.
You hit the green ugly thing.
The green ugly thing is heavily wounded.
You feel extremely sick.
You block the green ugly thing's attack.
You hit the green ugly thing.
The green ugly thing is heavily wounded.
You feel very sick. The green ugly thing claws you!
You are more poisoned.
The green ugly thing poisons you!
You hit the green ugly thing.
The green ugly thing is heavily wounded.
You feel extremely sick.
The green ugly thing closely misses you.
You furiously retaliate!
You headbutt the green ugly thing. You slash the green ugly thing!
Your headbutt misses the green ugly thing.
The green ugly thing is severely wounded.
You feel extremely sick. The green ugly thing claws you!
* * * LOW HITPOINT WARNING * * *
* * * LOW HITPOINT WARNING * * *
You feel extremely sick. The green ugly thing claws you.
* * * LOW HITPOINT WARNING * * *
Okay, then.
It was a potion of haste.
You feel yourself speed up.
You die...

#.....♣)♣...♣♣♣.♣♣⌠♣♣.♣♣♣...♣♣♣..
##..#♣)..♣♣♣.♣.♣♣♣.♣♣♣)♣.♣♣♣.♣.♣#
##.#.....#♣♣.♣♣ ♣.♣ ♣♣.♣♣ ♣♣.♣♣#
#.####### #####################
###.# ...##............## ....#
....# #..........# .>..# ####..#
#..##....... ..##.# ##..#.....#
#..###...... ###
.......u@.####..##..###.. #
....#...#.......#..## #.. #
...........##......# #.. #
......$...####..#.## #.. ...#
#...####..# #.###.####.# ###.#
#.## ##.# #.## ####..## # . ###
#< ##...### .# #..### ## ####


You could see a green ugly thing.

Vanquished Creatures
  A troll (D:6)
  Menkaure (D:4)
  Duvessa (D:4)
  2 ice beasts
  An orc warrior (D:7)
  3 black bears
  4 necrophages
  3 ogres
  A centaur (D:7)
  A phantom (D:7)
  3 kobold brigands (D:7)
  A bullfrog (D:7)
  3 scorpions
  Dowan (D:4)
  2 howler monkeys
  A bullfrog zombie (D:7)
  5 hounds
  A jelly (D:5)
  2 orc priests
  A centaur skeleton (D:7)
  2 bullfrog skeletons
  3 orc wizards (D:6)
  A killer bee zombie (D:7)
  Robin (D:4)
  7 gnolls (D:5)
  A howler monkey skeleton (D:6)
  3 adders
  3 shadow imps
  3 white imps
  4 dart slugs
  11 orcs
  9 endoplasms
  5 giant cockroaches
  15 goblins
  7 hobgoblins
  4 jackals (D:3)
  5 quokkas
  6 ball pythons
  5 bats
  2 frilled lizards (D:2)
  6 kobolds
  2 rats
  A toadstool (D:6)
144 creatures vanquished.

Vanquished Creatures (others)
  5 fungi
  A plant (D:1)
  2 toadstools (D:6)
8 creatures vanquished.

Grand Total: 152 creatures vanquished

Notes
Turn   | Place    | Note
-------+----------+-------------------------------------------
     0 | D:1      | boopmooplesden the Minotaur Fighter began the quest for the
                  | Orb.
     0 | D:1      | Reached XP level 1. HP: 19/19 MP: 0/0
    98 | D:1      | Reached XP level 2. HP: 11/27 MP: 1/1
   498 | D:1      | Reached XP level 3. HP: 28/33 MP: 2/2
   664 | D:1      | Found a faded altar of an unknown god.
   729 | D:2      | Identified a scroll of acquirement
   729 | D:2      | Acquired the ring of Day {rC+ Stlth+}
   773 | D:2      | Reached skill level 3 in Axes
  1553 | D:3      | Reached XP level 4. HP: 40/40 MP: 3/3
  1559 | D:3      | Reached skill level 4 in Axes
  1655 | D:3      | Reached skill level 1 in Dodging
  1697 | D:3      | Reached XP level 5. HP: 46/46 MP: 4/4
  2158 | D:4      | Noticed Dowan
  2160 | D:4      | Noticed Duvessa
  2173 | D:4      | Killed Dowan
  2174 | D:4      | Killed Duvessa
  2175 | D:4      | Reached skill level 5 in Axes
  2175 | D:4      | Reached skill level 5 in Armour
  2175 | D:4      | Reached XP level 6. HP: 45/53 MP: 5/5
  2222 | D:4      | Noticed Menkaure
  2229 | D:4      | Killed Menkaure
  2230 | D:4      | Reached skill level 6 in Axes
  2349 | D:4      | Noticed Robin
  2356 | D:4      | Killed Robin
  2634 | D:4      | Reached skill level 5 in Fighting
  2649 | D:4      | Reached XP level 7. HP: 61/61 MP: 6/6
  2937 | D:5      | Entered Level 5 of the Dungeon
  2991 | D:5      | Reached skill level 5 in Shields
  3068 | D:5      | Reached skill level 7 in Axes
  3222 | D:5      | Found an iron altar of Okawaru.
  3223 | D:5      | Found an ancient bone altar of Kikubaaqudgha.
  3230 | D:5      | Became a worshipper of Warmaster Okawaru
  3278 | D:5      | Reached XP level 8. HP: 69/69 MP: 7/7
  3559 | D:6      | Reached skill level 8 in Axes
  3603 | D:6      | Reached * piety under Okawaru
  3794 | D:6      | Found a blossoming altar of Fedhas.
  3795 | D:6      | Found a radiant altar of Vehumet.
  3899 | D:6      | Noticed a troll
  3908 | D:6      | Killed a troll
  3909 | D:6      | Reached skill level 9 in Axes
  3951 | D:6      | Found a white marble altar of Elyvilon.
  4260 | D:7      | Reached ** piety under Okawaru
  4261 | D:7      | Reached XP level 9. HP: 78/78 MP: 8/8
  4340 | D:7      | Found a staircase to the Ecumenical Temple.
  4352 | D:7      | Reached skill level 10 in Axes
  4715 | D:7      | Found Xoucvi's Distillery.
  4813 | D:7      | Noticed a green ugly thing
  4826 | D:7      | Succumbed to a green ugly thing's poison

Illustrated notes

Levels and vault maps discovered:
D:1:      lightli_arrival_noodles, layout_basic, serial_glass, glass_columns_a,
          glass_columns_b, glass_columns_b, glass_columns_c, glass_columns_a,
          dreamdust_ecumenical_altar_hidden_monk_grotto
D:2:      layout_loops_ring, minmay_diced_spiral
D:3:      kennysheep_big_flooded_room, layout_loops_ring
D:4:      layout_basic, uniq_duvessa, uniq_robin, uniq_menkaure
D:5:      layout_basic, chequers_temple_overflow_statue_of_worship
D:6:      layout_loops_ring, elyvilon_altar_1, grunt_temple_overflow_open,
          minmay_gold_behind_fungi
D:7:      nzn_winding_woodlands_large [nzn_winding_woodlands_5x5_open_star,
          nzn_winding_woodlands_5x15_sidewinder,
          nzn_winding_woodlands_5x5_checkerboard,
          nzn_winding_woodlands_center_diamonds,
          nzn_winding_woodlands_15x15_boxy_spiral,
          nzn_winding_woodlands_center_pierced_h,
          nzn_winding_woodlands_hourglass, nzn_winding_woodlands_5x15_sawtooth,
          nzn_winding_woodlands_5x5_closed_star], layout_layer_cave,
          lemuel_crystal_altar, minmay_temple_entry_junction, serial_shops, shop

Skill      XL: |  1  2  3  4  5  6  7  8  9 |
---------------+----------------------------+-----
Armour         | 4 5 6 7 |  7.2
Shields        | 4 5 7 8 |  8.0
Axes           | 3 4 5 6 7 9 10 | 10.9
Fighting       | 4 5 6 7 |  7.5
Dodging        | 1 2 |  2.3
Stealth        | |  0.3

Action                   |  1- 3 |  4- 6 |  7- 9 || total
-------------------------+-------+-------+-------++-------
Melee: War axe           |    83 |    96 |   198 ||   377
       Headbutt          |     7 |    17 |    54 ||    78
  Use: Scroll            |     1 |       |       ||     1
       Potion            |       |     1 |     1 ||     2
Armor: Scale mail        |    43 |       |       ||    43
       Plate armour      |    14 |    55 |    97 ||   166
Dodge: Dodged            |    37 |    35 |    81 ||   153
Block: Kite shield       |    45 |    47 |   104 ||   196
